 Dungeon Crawl Stone Soup version 0.24-a0-415-g6d73c25c48 (webtiles) character file.

Game seed: 9647760971324333063

88 Peloso the Shield-Bearer (level 4, 0/40 HPs)
             Began as a Minotaur Fighter on June 7, 2019.
             Succumbed to a gnoll's poison
             ... on level 1 of the Dungeon.
             The game lasted 00:02:53 (1066 turns).

Peloso the Shield-Bearer (Minotaur Fighter)         Turns: 1066, Time: 00:02:53

Health: 0/40       AC:  7    Str: 21    XL:     4   Next: 29%
Magic:  3/3        EV:  7    Int:  5    God:
Gold:   63         SH:  9    Dex: 10    Spells: 3/3 levels left

rFire    . . .     SeeInvis .   a - +0 long sword
rCold    . . .     Gourm    .   c - +0 shield
rNeg     . . .     Faith    .   b - +0 scale mail
rPois    .         Spirit   .   (helmet restricted)
rElec    .         Reflect  .   (no cloak)
rCorr    .         Harm     .   (no gloves)
MR       .....                  (no boots)
Stlth    ..........             (no amulet)
HPRegen  0.13/turn              (no ring)
MPRegen  0.08/turn              (no ring)

@: lethally poisoned (0 -> -4)
A: retaliatory headbutt, horns 2
a: no special abilities


You were on level 1 of the Dungeon.
You were hungry.

You visited 1 branch of the dungeon, and saw 2 of its levels.

You collected 63 gold pieces.

Inventory:

Hand Weapons
 a - a +0 long sword (weapon)
Armour
 b - a +0 scale mail (worn)
 c - a +0 shield (worn)
Scrolls
 e - 2 scrolls of identify
 g - a scroll of remove curse
Potions
 d - a potion of might
Comestibles
 f - 7 rations


   Skills:
 + Level 4.2 Fighting
 + Level 3.0 Long Blades
 + Level 4.3 Armour
 + Level 0.1 Stealth
 + Level 4.8 Shields


You had 3 spell levels left.
You didn't know any spells.
Your spell library was empty.

Dungeon Overview and Level Annotations

Branches:
Dungeon (2/15)

Altars:


Innate Abilities, Weirdness & Mutations

You reflexively headbutt those who attack you in melee.
You have a pair of horns on your head.


Message History

* * * LOW HITPOINT WARNING * * *
You feel sick.
* * * LOW HITPOINT WARNING * * *
You feel sick.
* * * LOW HITPOINT WARNING * * *
You feel sick.
* * * LOW HITPOINT WARNING * * *
You feel sick.
* * * LOW HITPOINT WARNING * * *
You feel sick.
* * * LOW HITPOINT WARNING * * *
You feel sick.
* * * LOW HITPOINT WARNING * * *
You feel sick.
You open the door.
* * * LOW HITPOINT WARNING * * *
You feel sick.
* * * LOW HITPOINT WARNING * * *
You feel sick.
You die...

#### ################## ...#
##.8.8.8.8.8.8.8.8. ...########
#........)......... ...##.)...#
#..8.♣.8.♣.8.8.8.8.
...##.....#####.#################
...##.....'.)..+...(......#######
#####(....######.................
...##.....)....#..........#######
##.##.....####.#@.........#
...............'....>.....#
###.#..........#..........#
#.#.....###.##.###'######
#.###'#........# #.# #.#
#.#.###.#### #.# #.###.#.###)#
####.# #..##.#.#...# #..#.#
##.##.#.#...# #..#.#


There were no monsters in sight!

Vanquished Creatures
  3 gnolls (D:2)
  2 adders (D:2)
  2 dart slugs
  A leopard gecko (D:1)
  3 bats
  2 giant cockroaches (D:1)
  6 goblins
  4 hobgoblins (D:1)
  A quokka (D:2)
  A ball python (D:1)
  3 frilled lizards
  6 kobolds
  7 rats
41 creatures vanquished.

Notes
Turn   | Place    | Note
-------+----------+-------------------------------------------
     0 | D:1      | Peloso the Minotaur Fighter began the quest for the Orb.
     0 | D:1      | Reached XP level 1. HP: 19/19 MP: 0/0
    75 | D:1      | Reached XP level 2. HP: 24/27 MP: 1/1
   481 | D:1      | Reached XP level 3. HP: 29/33 MP: 2/2
   827 | D:2      | Reached XP level 4. HP: 16/40 MP: 3/3
  1060 | D:1      | HP: 2/40 [poisoned by a gnoll]
  1066 | D:1      | Succumbed to a gnoll's poison

Levels and vault maps discovered:
D:1:      grunt_arrival_crossed_arrows, layout_basic, chequers_avenue
D:2:      kennysheep_six_static_rooms, layout_loops_ring,
          chequers_temple_overflow_statue_of_worship, first_ration,
          grunt_decor_mini_mirrors, kennysheep_generic_room_16

Skill      XL: |  1  2  3 |
---------------+----------+-----
Shields        | 4 |  4.8
Armour         | 4 |  4.3
Fighting       | 4 |  4.2
Long Blades    | 3 |  3.0
Stealth        | |  0.1

Action                   |  1- 3 |  4- 6 || total
-------------------------+-------+-------++-------
Melee: Long sword        |    86 |     4 ||    90
       Headbutt          |    10 |     2 ||    12
  Use: Scroll            |       |     1 ||     1
Armor: Scale mail        |    44 |     2 ||    46
Dodge: Dodged            |    27 |     3 ||    30
Block: Shield            |    61 |     5 ||    66
       Rpst.: Long sword |     4 |     1 ||     5

Table legend:
 A = Non-vault XP
 B = Vault XP
 C = Vault XP percentage of total XP
 D = Non-vault monster count
 E = Vault monster count
 F = Vault count percentage of total count
                 A         B        C        D         E       F
            +---------+---------+-------+---------+---------+-------
      Total |     126 |       0 |   0.0 |      41 |       0 |   0.0
            +---------+---------+-------+---------+---------+-------
        D:1 |      41 |       0 |   0.0 |      25 |       0 |   0.0
        D:2 |      85 |       0 |   0.0 |      16 |       0 |   0.0
            +---------+---------+-------+---------+---------+-------
